 Dungeon Crawl Stone Soup version 0.27.1-33-g824d729ab1 (webtiles) character file.

Game seed: 1673435958611002772

210 zeram the Sneak (level 5, -7/24 HPs)
             Began as a Spriggan Enchanter on Dec 2, 2021.
             Killed by divine providence
             ... invoked by an orc priest
              (15 damage)
             ... on level 3 of the Dungeon.
             The game lasted 00:04:36 (2503 turns).

zeram the Sneak (Spriggan Enchanter)                Turns: 2503, Time: 00:04:37

Health: -7/24      AC:  2    Str:  4    XL:     5   Next: 57%
Magic:  7/12       EV: 18    Int: 18    God:
Gold:   34         SH:  0    Dex: 15    Spells: 9/12 levels left

rFire    + . .     SeeInvis +   g - +3 dagger (pain)
rCold    + . .     Faith    .   (shield restricted)
rNeg     . . .     Spirit   .   b - +0 robe
rPois    .         Reflect  .   (helmet restricted)
rElec    .         Harm     .   c - scarf {rC+ rF+}
rCorr    .         Rampage  .   (gloves unavailable)
Will     .....                  (boots unavailable)
Stlth    ++++......             (no amulet)
HPRegen  0.08/turn              (no ring)
MPRegen  0.13/turn              (no ring)

@: very quick
A: very small, no large weapons, unfitting armour, see invisible, speed 3
a: no special abilities


You were on level 3 of the Dungeon.
You visited 1 branch of the dungeon, and saw 3 of its levels.

You collected 34 gold pieces.

Inventory:

Hand Weapons
 a - a +1 dagger
 g - a +3 dagger of pain (weapon)
Missiles
 h - a throwing net
Armour
 b - a +0 robe (worn)
 c - a scarf of resistance (worn)
Potions
 d - a potion of mutation {unknown}
 e - a potion of heal wounds {unknown}
 f - a potion of lignification
 i - a potion of curing {unknown}


   Skills:
 - Level 1.1 Short Blades
 + Level 3.9 Dodging
 + Level 7.9 Stealth
 + Level 4.4 Spellcasting
 - Level 3.6 Hexes


You had 9 spell levels left.
You knew the following spells:

 Your Spells              Type           Power      Damage    Failure   Level
a - Corona                Hex            18%        N/A       3%          1
b - Ensorcelled Hibernat  Hex/Ice        20%        N/A       10%         2

Your spell library contained the following spells:

 Spells                   Type           Power      Damage    Failure   Level
 Confusing Touch          Hex            17%        N/A       10%         3
 Tukima's Dance           Hex            17%        N/A       10%         3
 Dazzling Flash           Conj/Hex       20%        N/A       21%         3
 Ozocubu's Armour         Ice            3%         N/A       38%         3
 Ozocubu's Refrigeration  Ice            1%         4d5       100%        7


Dungeon Overview and Level Annotations

Branches:
Dungeon (3/15)

Altars:

Shops:
D:1 ?


Innate Abilities, Weirdness & Mutations

You are very small and have problems with some larger weapons.
You are too small for most types of armour.
You have supernaturally acute eyesight. (SInv)
You cover ground extremely quickly. (Speed+++)


Message History

The water moccasin skeleton misses you.
You hit the water moccasin skeleton.
The water moccasin skeleton is almost destroyed.
The water moccasin skeleton bites you.
You hit the water moccasin skeleton.
You destroy the water moccasin skeleton!
A hound zombie comes into view.
The orc warrior closely misses you.
An orc priest comes into view. It is wielding a +0 short sword.
An orc wizard comes into view. It is wielding a +0 dagger.
The hound zombie moves out of view.
Your Stealth skill increases to level 7!
Casting: Ensorcelled Hibernation (safe; 12% risk of failure)
Confirm with . or Enter, or press ? or * to list all spells.
Aiming: Ensorcelled Hibernation (safe; 12% risk of failure)
Press: ? - help, Shift-Dir - straight line, f - orc warrior
Aim: an orc warrior, wielding a +0 short sword and wearing a +0 plate armour (chance to affect: 40%)
The orc warrior resists with some effort.
The orc wizard shouts!
The orc warrior closely misses you.
An orc comes into view. It is wielding a +0 morningstar.
Casting: Ensorcelled Hibernation (safe; 12% risk of failure)
Confirm with . or Enter, or press ? or * to list all spells.
Aiming: Ensorcelled Hibernation (safe; 12% risk of failure)
Press: ? - help, Shift-Dir - straight line, f/p - orc warrior
Aim: an orc warrior, wielding a +0 short sword and wearing a +0 plate armour (chance to affect: 40%)
The orc warrior looks drowsy...
The orc shouts!
The helpless orc warrior fails to defend itself.
You impale the orc warrior!!
You kill the orc warrior!
Your Spellcasting skill increases to level 4!
You have reached level 5!
You feel clever.
The orc priest invokes the aid of Beogh against you.
Beogh smites you!
The orc priest calls down the wrath of Beogh upon you.
Beogh smites you!
Ouch! That really hurt!
You die...

#..)Z......##....
#..o...........
#......>.......
#.###..........
..(###........#
#.#.............#
# #####..#.>#####
##....##
####.@.####
#.........#
#.........#
#...†.....#
#...)..<..##
####..........#
#.............#
..##)...<.....# .
###########..


You could see an orc priest.

Vanquished Creatures
  An orc warrior (D:3)
  A water moccasin skeleton (D:3)
  2 adders (D:2)
  2 dart slugs
  An orc (D:3)
  5 ball pythons
  3 endoplasms
  3 giant cockroaches
  6 goblins
  3 hobgoblins
  3 jackals (D:2)
  3 quokkas
  2 bats (D:1)
  A frilled lizard (D:1)
  5 kobolds
  4 rats
45 creatures vanquished.

Notes
Turn   | Place    | Note
-------+----------+-------------------------------------------
     0 | D:1      | zeram the Spriggan Enchanter began the quest for the Orb.
     0 | D:1      | Reached XP level 1. HP: 9/9 MP: 5/5
    98 | D:1      | Found Icik's Magic Scroll Shoppe.
   108 | D:1      | Found a faded altar of an unknown god.
   201 | D:1      | Reached skill level 5 in Stealth
   201 | D:1      | Reached XP level 2. HP: 9/13 MP: 6/6
   322 | D:1      | Learned a level 2 spell: Ensorcelled Hibernation
  1196 | D:2      | Reached XP level 3. HP: 16/16 MP: 8/8
  1214 | D:2      | Reached skill level 6 in Stealth
  2312 | D:2      | Reached XP level 4. HP: 20/21 MP: 2/10
  2484 | D:3      | Noticed an orc warrior
  2493 | D:3      | Reached skill level 7 in Stealth
  2495 | D:3      | Killed an orc warrior
  2496 | D:3      | Reached XP level 5. HP: 16/24 MP: 6/12
  2503 | D:3      | Killed from afar by an orc priest

Illustrated notes

Levels and vault maps discovered:
D:1:      elethiomel_arrival_quiet, layout_loops_ring, serial_shops,
          shop_statue, ebering_ecumenical_altar_webs, supply_closet_lemuel
D:2:      layout_rooms, minmay_misc_feat_x
D:3:      layout_rooms, gup_sewer_entry_bubbles, serial_undead, serial_undead_f,
          serial_undead_e, serial_undead_a, serial_undead_c, serial_undead_e,
          grunt_ministairs_3, hangedman_decor_growths, uniq_jessica

Skill      XL: |  1  2  3  4 |
---------------+-------------+-----
Stealth        | 5 6 7 |  7.9
Spellcasting   | 3 4 |  4.4
Dodging        | 3 |  3.9
Short Blades   | |  1.1
Hexes          | |  3.6

Action                   |  1- 3 |  4- 6 || total
-------------------------+-------+-------++-------
Melee: Dagger            |   118 |    21 ||   139
 Cast: Ensorcelled Hiber |    26 |     7 ||    33
       Corona            |     4 |       ||     4
  Use: Scroll            |     1 |       ||     1
       Potion            |     1 |       ||     1
 Stab: Sleeping          |    25 |     1 ||    26
       Distracted        |     1 |       ||     1
Armor: Robe              |    10 |       ||    10
Dodge: Dodged            |   113 |    21 ||   134
